UNITED STATES PREMIER LEAGUE
LEXINGTON BC VS BROOKLYN DODGERS
08/16/2014
 
TOP OF THE 1ST
Brooklyn Dodgers batting - Pitching for Lexington BC : LHP Juan Júlio
Pitching: LHP Juan Júlio
Batting: LHB Christian Walls 0-0: Ball
1-0: Foul Ball, location: 2F
1-1: Foul Ball, location: 2F
1-2: Foul Ball, location: 2F
1-2: Strikes out swinging
Batting: SHB Matthieu Servergnini 0-0: Foul Ball, location: 2F
0-1: Foul Ball, location: 2F
0-2: Fly out, F3 (Line Drive, 3)
Batting: RHB Thom Wilcox 0-0: Ground out 6-3 (Groundball, 6)
Top of the 1st over - 0 run(s), 0 hit(s), 0 error(s), 0 left on base; Brooklyn 0 - Lexington 0
BOTTOM OF THE 1ST
Lexington BC batting - Pitching for Brooklyn Dodgers : RHP Pete Nicholls
Pitching: RHP Pete Nicholls
Batting: RHB Ed Anderson 0-0: Ball
1-0: Foul Ball, location: 2F
1-1: Foul Ball, location: 2F
1-2: Fly out, F8 (Line Drive, 8LD)
Batting: RHB Brian O'Brian 0-0: Ball
1-0: Swinging Strike
1-1: SINGLE (Line Drive, 6MD)
Batting: RHB Júlio Gruzmán 0-0: Swinging Strike
0-1: Ball
1-1: Ball
Brian O'Brian steals 2nd base
2-1: Ground out 6-3 (Groundball, 6M)
Brian O'Brian to third
Batting: LHB Jerry Harris 0-0: Swinging Strike
0-1: Foul Ball, location: 2F
0-2: Ball
1-2: Foul Ball, location: 2F
1-2: Ball
2-2: 2-RUN HOME RUN (Flyball, 9D), Distance : 406 ft
Batting: RHB Xie-li Kan 0-0: Ball
1-0: Foul Ball, location: 2F
1-1: Ball
2-1: SINGLE (Line Drive, 7S)
Batting: RHB Enrique Pérez 0-0: Foul Ball, location: 2F
0-1: Swinging Strike
0-2: Ground out 5-3 (Groundball, 56)
Bottom of the 1st over - 2 run(s), 3 hit(s), 0 error(s), 1 left on base; Brooklyn 0 - Lexington 2
TOP OF THE 2ND
Brooklyn Dodgers batting - Pitching for Lexington BC : LHP Juan Júlio
Batting: LHB Ray Sears 0-0: Ball
1-0: SINGLE (Flyball, 7S)
Batting: RHB Ángel Vargas 0-0: Called Strike
0-1: Grounds into double play, 6-4-3 (Groundball, 56)
Batting: SHB Ted Beck 0-0: Ball
1-0: Fly out, F3 (Popup, 3L)
Top of the 2nd over - 0 run(s), 1 hit(s), 0 error(s), 0 left on base; Brooklyn 0 - Lexington 2
BOTTOM OF THE 2ND
Lexington BC batting - Pitching for Brooklyn Dodgers : RHP Pete Nicholls
Batting: RHB Lockwood Rose 0-0: Swinging Strike
0-1: Swinging Strike
0-2: Strikes out swinging
Batting: RHB Blaine Bell 0-0: Foul Ball, location: 2F
0-1: Ball
1-1: Ball
2-1: Called Strike
2-2: Ball
3-2: Foul Ball, location: 2F
3-2: Base on Balls
Batting: LHB Juan Júlio 0-0: Sac Bunt - play at second, runner OUT! 1-6
Batting: RHB Ed Anderson 0-0: Called Strike
0-1: Foul Ball, location: 2F
0-2: Strikes out looking
Bottom of the 2nd over - 0 run(s), 0 hit(s), 0 error(s), 1 left on base; Brooklyn 0 - Lexington 2
TOP OF THE 3RD
Brooklyn Dodgers batting - Pitching for Lexington BC : LHP Juan Júlio
Batting: LHB Egidio Agnolutto 0-0: Called Strike
0-1: Ball
1-1: Called Strike
1-2: Strikes out swinging
Batting: RHB Keith Lowery 0-0: Called Strike
0-1: Swinging Strike
0-2: Foul Ball, location: 2F
0-2: Ball
1-2: Foul Ball, location: 2F
1-2: Foul Ball, location: 2F
1-2: Strikes out swinging
Batting: RHB Pete Nicholls 0-0: Ground out 6-3 (Groundball, 6)
Top of the 3rd over - 0 run(s), 0 hit(s), 0 error(s), 0 left on base; Brooklyn 0 - Lexington 2
BOTTOM OF THE 3RD
Lexington BC batting - Pitching for Brooklyn Dodgers : RHP Pete Nicholls
Batting: RHB Brian O'Brian 0-0: SOLO HOME RUN (Flyball, 7LD), Distance : 360 ft
Batting: RHB Júlio Gruzmán 0-0: Ground out 4-3 (Groundball, 4)
Batting: LHB Jerry Harris 0-0: Foul Ball, location: 2F
0-1: Called Strike
0-2: Strikes out swinging
Batting: RHB Xie-li Kan 0-0: Ball
1-0: Ball
2-0: Ball
3-0: Base on Balls
Batting: RHB Enrique Pérez 0-0: Ball
1-0: Swinging Strike
1-1: Foul Ball, location: 2F
1-2: SINGLE (Line Drive, 78S)
Xie-li Kan to second
Batting: RHB Lockwood Rose Pickoff Throw to Second - Out!
Bottom of the 3rd over - 1 run(s), 2 hit(s), 0 error(s), 0 left on base; Brooklyn 0 - Lexington 3
TOP OF THE 4TH
Brooklyn Dodgers batting - Pitching for Lexington BC : LHP Juan Júlio
Batting: LHB Christian Walls 0-0: Ball
1-0: Called Strike
1-1: Ball
2-1: Foul Ball, location: 2F
2-2: Ground out 4-3 (Groundball, 4)
Batting: SHB Matthieu Servergnini 0-0: Ball
1-0: Foul Ball, location: 2F
1-1: SINGLE (Line Drive, 8RS)
Batting: RHB Thom Wilcox 0-0: SINGLE (Line Drive, 56D)
Matthieu Servergnini to second
Batting: LHB Ray Sears 0-0: Swinging Strike
0-1: Ball
1-1: Ball
2-1: SINGLE (Line Drive, 9LS)
Matthieu Servergnini to third
Thom Wilcox to second
Runner from 3rd tries for Home, SAFE, throw made at trailing runner, SAFE at third!
Batting: RHB Ángel Vargas 0-0: Ball
1-0: Foul Ball, location: 2F
1-1: Foul Ball, location: 2F
1-2: Foul Ball, location: 2F
1-2: Ball
2-2: Strikes out swinging
Batting: SHB Ted Beck 0-0: Ball
1-0: Ball
2-0: Called Strike
2-1: Fly out, F5 (Line Drive, 5)
Top of the 4th over - 1 run(s), 3 hit(s), 0 error(s), 2 left on base; Brooklyn 1 - Lexington 3
BOTTOM OF THE 4TH
Lexington BC batting - Pitching for Brooklyn Dodgers : RHP Pete Nicholls
Batting: RHB Lockwood Rose 0-0: Foul Ball, location: 2F
0-1: Ball
1-1: Ground out 6-3 (Groundball, 6M)
Batting: RHB Blaine Bell 0-0: Called Strike
0-1: Ball
1-1: Foul Ball, location: 2F
1-2: Ground out 6-3 (Groundball, 6)
Batting: LHB Juan Júlio 0-0: Ground out 3-1 (Groundball, 34S)
Bottom of the 4th over - 0 run(s), 0 hit(s), 0 error(s), 0 left on base; Brooklyn 1 - Lexington 3
TOP OF THE 5TH
Brooklyn Dodgers batting - Pitching for Lexington BC : LHP Juan Júlio
Batting: LHB Egidio Agnolutto 0-0: Ball
1-0: Foul Ball, location: 2F
1-1: DOUBLE (Line Drive, 78D)
Batting: RHB Keith Lowery 0-0: Called Strike
0-1: Ball
1-1: Ball
2-1: Ball
3-1: Swinging Strike
3-2: Foul Ball, location: 2F
3-2: Ground out 6-3 (Groundball, 56)
Batting: RHB Pete Nicholls 0-0: Ball
Egidio Agnolutto steals 3rd base
1-0: Called Strike
1-1: Foul Ball, location: 2F
1-2: Strikes out swinging
Batting: LHB Christian Walls 0-0: Ground out 4-3 (Groundball, 4)
Top of the 5th over - 0 run(s), 1 hit(s), 0 error(s), 1 left on base; Brooklyn 1 - Lexington 3
BOTTOM OF THE 5TH
Lexington BC batting - Pitching for Brooklyn Dodgers : RHP Pete Nicholls
Batting: RHB Ed Anderson 0-0: Fly out, F6 (Line Drive, 6)
Batting: RHB Brian O'Brian 0-0: Ball
1-0: Ground out 4-3 (Groundball, 4)
Batting: RHB Júlio Gruzmán 0-0: Foul Ball, location: 2F
0-1: Fly out, F9 (Flyball, 9M)
Bottom of the 5th over - 0 run(s), 0 hit(s), 0 error(s), 0 left on base; Brooklyn 1 - Lexington 3
TOP OF THE 6TH
Brooklyn Dodgers batting - Pitching for Lexington BC : LHP Juan Júlio
Batting: SHB Matthieu Servergnini 0-0: Swinging Strike
0-1: SINGLE (Groundball, 34D)
Batting: RHB Thom Wilcox 0-0: Ball
1-0: Foul Ball, location: 2F
1-1: 2-RUN HOME RUN (Flyball, 89XD), Distance : 425 ft
Batting: LHB Ray Sears 0-0: Ball
1-0: Called Strike
1-1: Ball
2-1: Foul Ball, location: 2F
2-2: Strikes out swinging
Batting: RHB Ángel Vargas 0-0: Ground out 5-3 (Groundball, 56S)
Batting: SHB Ted Beck 0-0: Ball
1-0: Called Strike
1-1: Foul Ball, location: 2F
1-2: Strikes out looking
Top of the 6th over - 2 run(s), 2 hit(s), 0 error(s), 0 left on base; Brooklyn 3 - Lexington 3
BOTTOM OF THE 6TH
Lexington BC batting - Pitching for Brooklyn Dodgers : RHP Pete Nicholls
Batting: LHB Jerry Harris 0-0: Ball
1-0: Ball
2-0: Called Strike
2-1: Called Strike
2-2: SOLO HOME RUN (Flyball, 8RXD), Distance : 504 ft
Batting: RHB Xie-li Kan 0-0: Ball
1-0: Ball
2-0: Called Strike
2-1: Ground out 1-3 (Groundball, 23)
Batting: RHB Enrique Pérez 0-0: Swinging Strike
0-1: Ground out 6-3 (Groundball, 6)
Batting: RHB Lockwood Rose 0-0: Called Strike
0-1: SINGLE (Line Drive, 6D)
Batting: RHB Blaine Bell 0-0: Ball
1-0: Foul Ball, location: 2F
1-1: Called Strike
1-2: Ball
2-2: Ball
3-2: Strikes out looking
Bottom of the 6th over - 1 run(s), 2 hit(s), 0 error(s), 1 left on base; Brooklyn 3 - Lexington 4
TOP OF THE 7TH
Brooklyn Dodgers batting - Pitching for Lexington BC : LHP Juan Júlio
Batting: LHB Egidio Agnolutto 0-0: Called Strike
0-1: Called Strike
0-2: Foul Ball, location: 2F
0-2: Ball
1-2: Strikes out swinging
Batting: RHB Keith Lowery 0-0: Foul Ball, location: 2F
0-1: Ball
1-1: Swinging Strike
1-2: Fly out, F9 (Flyball, 9LM)
Pinch Hitting: LHB Pancho García 0-0: Ball
1-0: Ball
2-0: Ball
3-0: Called Strike
3-1: Foul Ball, location: 2F
3-2: Foul Ball, location: 2F
3-2: Foul Ball, location: 2F
3-2: SOLO HOME RUN (Flyball, 9LD), Distance : 342 ft
Batting: LHB Christian Walls 0-0: Ball
1-0: Swinging Strike
1-1: Fly out, F2 (Popup, 2LF)
Top of the 7th over - 1 run(s), 1 hit(s), 0 error(s), 0 left on base; Brooklyn 4 - Lexington 4
BOTTOM OF THE 7TH
Lexington BC batting - Pitching for Brooklyn Dodgers : RHP Pete Nicholls
Pitching: RHP Paco Galván
Pinch Hitting: RHB Leonardo Sánchez 0-0: Fly out, F2 (Popup, 23F)
Batting: RHB Ed Anderson 0-0: Ball
1-0: Ground out 6-3 (Groundball, 6)
Batting: RHB Brian O'Brian 0-0: Ball
1-0: SINGLE (Flyball, 8RS)
Batting: RHB Júlio Gruzmán 0-0: Ball
1-0: Called Strike
1-1: Called Strike
1-2: Ball
2-2: Strikes out swinging
Bottom of the 7th over - 0 run(s), 1 hit(s), 0 error(s), 1 left on base; Brooklyn 4 - Lexington 4
TOP OF THE 8TH
Brooklyn Dodgers batting - Pitching for Lexington BC : LHP Juan Júlio
Pitching: RHP Myron Snow
Batting: SHB Matthieu Servergnini 0-0: Ball
1-0: Called Strike
1-1: Ground out 4-3 (Groundball, 4S)
Batting: RHB Thom Wilcox 0-0: Called Strike
0-1: Foul Ball, location: 2F
0-2: Foul Ball, location: 2F
0-2: Fly out, F7 (Flyball, 78XD)
Pitching: LHP Tim Fitzgerald
Batting: LHB Ray Sears 0-0: Called Strike
0-1: Ball
1-1: Fly out, F7 (Flyball, 7D)
Top of the 8th over - 0 run(s), 0 hit(s), 0 error(s), 0 left on base; Brooklyn 4 - Lexington 4
BOTTOM OF THE 8TH
Lexington BC batting - Pitching for Brooklyn Dodgers : RHP Paco Galván
Batting: LHB Jerry Harris 0-0: Called Strike
0-1: Ball
1-1: Ball
2-1: Fly out, F2 (Popup, 2RF)
Batting: RHB Xie-li Kan 0-0: Called Strike
0-1: Fly out, F9 (Flyball, 89S)
Batting: RHB Enrique Pérez 0-0: Ball
1-0: Ball
2-0: Called Strike
2-1: SOLO HOME RUN (Line Drive, 7D), Distance : 389 ft
Batting: RHB Lockwood Rose 0-0: Ball
1-0: Called Strike
1-1: Swinging Strike
1-2: Strikes out swinging
Bottom of the 8th over - 1 run(s), 1 hit(s), 0 error(s), 0 left on base; Brooklyn 4 - Lexington 5
TOP OF THE 9TH
Brooklyn Dodgers batting - Pitching for Lexington BC : LHP Tim Fitzgerald
Pitching: RHP José Ramos
Now at C: Ángel Garza
Batting: RHB Ángel Vargas 0-0: Ball
1-0: Called Strike
1-1: Ball
2-1: Ball
3-1: Swinging Strike
3-2: Ground out 5-3 (Groundball, 56)
Pinch Hitting: LHB Adrián Rodríguez 0-0: Foul Ball, location: 2F
0-1: Foul Ball, location: 2F
0-2: Ball
1-2: Ball
2-2: Strikes out swinging
Batting: LHB Egidio Agnolutto 0-0: Bunt for hit - play at first, batter OUT! 5-3
Top of the 9th over - 0 run(s), 0 hit(s), 0 error(s), 0 left on base; Brooklyn 4 - Lexington 5
This league is powered by Out of the Park Baseball, the baseball management simulation game for PC, Mac and Linux
Thursday, April 24th, 2014 - OOTP Baseball 14.6 Build 33